 Dungeon Sprint DCSS version 0.21.2 (webtiles) character file.

221 Fang the Fighter (level 5, -4/40 HPs)
             Began as a Gargoyle Berserker on Dec 21, 2018.
             Was an Elder of Trog.
             Slain by a wight
             ... wielding a +0 war axe
              (7 damage)
             ... in the Dungeon (Sprint VII: "The Pits").
             The game lasted 00:00:33 (668 turns).

Fang the Fighter (Gargoyle Berserker)                Turns: 668, Time: 00:00:33

Health: -4/40      AC:  6    Str: 22    XL:     5   Next: 98%
Magic:  5/5        EV: 13    Int:  7    God:    Trog [****..]
Gold:   0          SH:  0    Dex:  9    Spells: 4/4 levels left

rFire    . . .     SeeInvis .   j - +2 hand axe
rCold    . . .     Gourm    .   (no shield)
rNeg     + . .     Faith    .   b - +0 animal skin
rPois    ∞         Spirit   .   (no helmet)
rElec    +         Reflect  .   (no cloak)
rCorr    .         Harm     .   (no gloves)
MR       .....     NoTele   +   (no boots)
Stlth    +.........             (no amulet)
HPRegen  0.13/turn              (no ring)
MPRegen  0.09/turn              (no ring)

@: berserk cooldown, slowed, very slow
A: negative energy resistance 1, electricity resistance, unbreathing,
petrification resistance, rot immunity, AC +4
a: Berserk, Trog's Hand, Brothers in Arms, Burn Spellbooks, Renounce Religion


You were in the Dungeon.
You worshipped Trog.
Trog was greatly pleased with you.
You were hungry.

You visited 1 branch

Inventory:

Hand Weapons
 j - a +2 hand axe (weapon)
Armour
 b - a +0 animal skin (worn)
Scrolls
 i - a scroll of blinking
 k - 3 scrolls of remove curse
 l - a scroll of summoning
Potions
 a - 2 potions of invisibility
 d - a potion of curing
 e - a potion of heal wounds
 f - a potion of haste
 g - 4 potions of magic
 h - 3 potions of berserk rage
Comestibles
 c - 9 rations


   Skills:
 + Level 8.4 Fighting
 + Level 6.9 Axes
 + Level 4.5 Armour
 + Level 4.5 Dodging


You had 4 spell levels left.
You didn't know any spells.

Dungeon Overview and Level Annotations

Branches:
Dungeon (1/1)

Altars:


Innate Abilities, Weirdness & Mutations

You are resistant to torment.
Your stone body is resilient. (AC +4)
You are immune to poison.
You resist negative energy. (rN+)
You are resistant to electric shocks. (rElec)
You can survive without breathing.
You are immune to petrification.
You are immune to rotting.


Message History

You destroy the wight!
Trog accepts your kill.
You can now call in reinforcements.
Things that are here:
an enchanted falchion; a robe Unknown command.
You feel a strong urge to attack something.
You are no longer berserk.
You are exhausted.
You feel yourself slow down.
Unknown command.
You hit the wight.
The wight is lightly damaged.
The wight closely misses you.
Unknown command.
You hit the wight but do no damage.
The wight is lightly damaged.
You barely miss the wight. The wight misses you.
The wight hits you but does no damage. The wight closely misses you.
The wight hits you with a war axe!
You die...

##########+##...........
#.?(.')))'.##......#..#.
##########.##...........
#..........)'...........
#+#####'#####......#..#.
#.÷#..##...........
+..)..#####'#####++
##+####'###.......#
#.....z@.##.......#
#.....z..##.......#
#####+#####...<...#
#.......# #.......#
#.......# #########


You could see 2 wights.

Vanquished Creatures
  A floating eye (D)
  2 wights (D)
  A worker ant (D)
  An orc (D)
  A bat (D)
  A bat zombie (D)
  3 jackals (D)
  A ball python (D)
11 creatures vanquished.

Notes
Turn   | Place    | Note
-------+----------+-------------------------------------------
     0 | D        | Fang the Gargoyle Berserker began the quest for the Orb.
     0 | D        | Reached XP level 1. HP: 14/14 MP: 1/1
   401 | D        | Noticed a worker ant
   404 | D        | Reached ** piety under Trog
   404 | D        | Reached skill level 4 in Fighting
   409 | D        | Killed a worker ant
   409 | D        | Reached skill level 5 in Fighting
   409 | D        | Reached XP level 2. HP: 6/21 MP: 2/2
   409 | D        | Reached XP level 3. HP: 8/26 MP: 3/3
   648 | D        | Noticed a floating eye
   652 | D        | Paralysed by a floating eye for 3 turns
   656 | D        | Reached *** piety under Trog
   657 | D        | Reached skill level 6 in Fighting
   657 | D        | Reached skill level 5 in Axes
   657 | D        | Reached XP level 4. HP: 6/32 MP: 4/4
   660 | D        | Killed a floating eye
   660 | D        | Reached skill level 8 in Fighting
   660 | D        | Reached XP level 5. HP: 6/39 MP: 5/5
   661 | D        | HP: 2/58 [wight/enchanted falchion (5)]
   663 | D        | Reached **** piety under Trog
   668 | D        | Slain by a wight

Skill      XL: |  1  2  3  4 |
---------------+-------------+-----
Axes           | 4 5 6 |  6.9
Fighting       | 5 6 8 |  8.4
Dodging        | 2 3 4 |  4.5
Armour         | 3 4 |  4.5

Action                   |  1- 3 |  4- 6 || total
-------------------------+-------+-------++-------
Melee: Hand axe          |    24 |     7 ||    31
Invok: Berserk           |     2 |       ||     2
Armor: Animal skin       |    10 |     1 ||    11
Dodge: Dodged            |    23 |     7 ||    30
